cohdb
Replays
Latest Replays
All Replays
Popular Replays
Top Player Replays
Match Explorer
How It Works
Community
CoH3 Stats
Reddit
Sign in to upload your games and track your stats! →
Sign in with Steam
Match 42608888
Unlisted
Match 42608888
Overview
Messages
Build Orders
End
Kettenkrad Recon Vehicle
Construct Infanterie Kompanie
MG 42 Machine Gun Team
Grenadier Squad
MG 42 Machine Gun Team
Grenadier Squad
Construct Panzergrenadier Kompanie
Selects Terror Battlegroup
Selects Machine Gun Camouflage
Selects Contempt for the Weak
Medical Station
Pioneer Squad
Panzergrenadier Squad
Support Elements
Panzergrenadier Squad
StuG III G Assault Gun
Construct Panzer Kompanie
Grenadier Squad
Panzergrenadier Squad
Panzer IV Medium Tank
Grenadier Squad
Panzer IV Medium Tank
Abe
leonidas
Sarmynation
Haivan024
0
0
Comments
sign in to comment!
No comments posted yet!